 Dungeon Crawl Stone Soup version 0.29-a0-892-g2c4c91d9db (webtiles) character file.

Game seed: 17641037074136512217

14 kae the Charlatan (level 2, 0/21 HPs)
             Began as a Demonspawn Artificer on July 22, 2022.
             Slain by a bat (1 damage)
             ... on level 1 of the Dungeon.
             The game lasted 00:00:34 (502 turns).

kae the Charlatan (Demonspawn Artificer)             Turns: 502, Time: 00:00:35

Health: 0/21       AC:  3    Str: 12    XL:     2   Next: 31%
Magic:  2/2        EV: 11    Int: 12    God:
Gold:   0          SH:  0    Dex: 13    Spells: 1/1 levels left

rFire   . . .      SeeInvis .   a - +0 club
rCold   . . .      Faith    .   (no shield)
rNeg    . . .      Spirit   .   b - +0 leather armour
rPois   .          Reflect  .   (no helmet)
rElec   .          Harm     .   (no cloak)
rCorr   .          Rampage  .   (no gloves)
Will    .....                   (no boots)
Stlth   +.........              (no amulet)
HPRegen 0.07/turn               (no ring)
MPRegen 0.08/turn               (no ring)

@: hasted, very quick
A: ignite blood 1
a: no special abilities


You were on level 1 of the Dungeon.
You visited 1 branch of the dungeon, and saw 1 of its levels.


Innate Abilities, Weirdness & Mutations

Your demonic aura sometimes causes spilled blood to erupt in flames.


   Skills:
 - Level 1.0 Fighting
 - Level 1.7 Armour
 - Level 0.8 Dodging
 - Level 0.8 Stealth
 * Level 1.8 Unarmed Combat
 - Level 3.0 Evocations


You had one spell level left.
You didn't know any spells.
Your spell library was empty.

Inventory:

Hand Weapons
 a - a +0 club (weapon)
Missiles
 g - 2 stones
Armour
 b - a +0 leather armour (worn)
Wands
 c - a wand of flame (15) (quivered)
 d - a wand of charming (15)
 e - a wand of iceblast (9)

Dungeon Overview and Level Annotations

Branches:
Dungeon (1/15) Zot: 5480

Altars:

#####
#..#...#
##.#...# .
#.#.).##.
#..##......
##.##..#...
#..#..# ..
##.#..# .
#.#..#
#.†@.#
##†lb......
#.........
..........
#..>.......
#..........
#..........
#......####


You could see a bat and a frilled lizard.


Message History

You hit the dart slug but do no damage. The bat hits you but does no damage.
The dart slug barely misses you.
You hit the dart slug. The bat hits you but does no damage.
The dart slug barely misses you. 😕 HP[+1]
The bat barely misses you. The dart slug closely misses you.
You hit the dart slug but do no damage. The bat misses you.
The dart slug misses you.
You hit the dart slug. The bat hits you.
The dart slug barely misses you. 😕 HP[-1]
You take 1 damage, and now have 17/21 hp.
You hit the dart slug but do no damage. The bat hits you but does no damage.
You hit the dart slug. The dart slug launches a dart at you.
The slug dart hits you. The rat bites you. 😮 HP[-3]
You take 3 damage, and now have 14/21 hp.
You are too injured to fight recklessly!
You are too injured to fight recklessly!
You are too injured to fight recklessly!
You are too injured to fight recklessly!
You hit the dart slug.
The dart slug bites you but does no damage.
The rat closely misses you.
You barely miss the dart slug. The rat bites you.
The dart slug closely misses you. 😮 HP[-2]
You take 2 damage, and now have 12/21 hp.
You hit the dart slug but do no damage. The rat closely misses you.
The dart slug launches a dart at you. The slug dart misses you.
The rat closely misses you.
You hit the dart slug. The dart slug launches a dart at you.
The slug dart hits you.
* * * LOW HITPOINT WARNING * * *
The rat closely misses you. 😨 HP[-2]
You take 2 damage, and now have 10/21 hp.
You hit the dart slug.
You kill the dart slug!
The bat barely misses you. The rat barely misses you. 😮 HP[+1]
A frilled lizard comes into view.
The bat hits you but does no damage. The rat bites you.
* * * LOW HITPOINT WARNING * * *
You see here a dart slug corpse. 😨 HP[-1]
You take 1 damage, and now have 10/21 hp.
You hit the rat but do no damage.
The frilled lizard hisses angrily.
The bat hits you but does no damage. The rat closely misses you. x2
You closely miss the rat. The bat hits you.
* * * LOW HITPOINT WARNING * * *
The rat misses you. The frilled lizard bites you.
* * * LOW HITPOINT WARNING * * *
😨 HP[-3]
You take 3 damage, and now have 7/21 hp.
You closely miss the frilled lizard. The bat barely misses you.
The rat closely misses you. The frilled lizard bites you.
* * * LOW HITPOINT WARNING * * *
The bat closely misses you. 😨 HP[-1]
You take 1 damage, and now have 6/21 hp.
You hit the rat.
You kill the rat!
The bat misses you. The frilled lizard bites you.
* * * LOW HITPOINT WARNING * * *
The frilled lizard barely misses you. 😱 HP[-1]
You take 1 damage, and now have 5/21 hp.
You hit the frilled lizard. The bat barely misses you.
The frilled lizard bites you but does no damage.
The bat hits you.
* * * LOW HITPOINT WARNING * * *
The frilled lizard closely misses you. 😱 HP[-1]
You take 1 damage, and now have 4/21 hp.
You closely miss the frilled lizard. The bat hits you but does no damage.
The frilled lizard barely misses you.
You hit the frilled lizard but do no damage.
The bat barely misses you. The frilled lizard bites you.
* * * LOW HITPOINT WARNING * * *
😱 HP[-2]
You take 2 damage, and now have 2/21 hp.
You closely miss the frilled lizard. The bat barely misses you.
The frilled lizard barely misses you. The frilled lizard bites you.
* * * LOW HITPOINT WARNING * * *
😱 HP[-1]
You take 1 damage, and now have 1/21 hp.
You closely miss the frilled lizard. The bat hits you.
* * * LOW HITPOINT WARNING * * *
The frilled lizard barely misses you.
Okay, then.
You hit the frilled lizard. The bat hits you but does no damage.
The frilled lizard misses you.
It was a potion of haste.
You feel yourself speed up. The bat hits you but does no damage.
The frilled lizard barely misses you. The bat closely misses you.
You miss the frilled lizard. The bat closely misses you. The bat hits you.
You die...

Skill      XL: |  1 |
---------------+----+-----
Unarmed Combat | 1 |  1.8
Fighting       | |  1.0
Armour         | |  1.7
Dodging        | |  0.8
Stealth        | |  0.8
Evocations     | |  3.0

Action                   || total
-------------------------++-------
Melee: Club              ||    53
       Punch             ||     1
  Use: Potion            ||     1
 Stab: Sleeping          ||     1
Armor: Leather armour    ||    25
Dodge: Dodged            ||    49

Levels and vault maps discovered:
D:1:      lightli_arrival_flooded_house, layout_basic,
          hellmonk_ecumenical_altar_slurped_away, minmay_misc_feat_roman

Notes
Turn   | Place    | Note
-------+----------+-------------------------------------------
     0 | D:1      | kae the Demonspawn Artificer began the quest for the Orb.
     0 | D:1      | Reached XP level 1. HP: 15/15 MP: 1/1
     0 | D:1      | magus.rc [v1.11.3]
   161 | D:1      | Found a faded altar of an unknown god.
   311 | D:1      | Reached skill level 1 in Unarmed Combat
   400 | D:1      | Gained mutation: Your demonic aura sometimes causes spilled
                  | blood to erupt in flames. [demonic ancestry]
   400 | D:1      | Reached XP level 2. HP: 17/21 MP: 2/2
   493 | D:1      | HP: 5/21 [frilled lizard (1)]
   497 | D:1      | HP: 2/21 [frilled lizard (2)]
   502 | D:1      | Slain by a bat

Vanquished Creatures
  3 dart slugs (D:1)
  An endoplasm (D:1)
  A quokka (D:1)
  2 ball pythons (D:1)
  A kobold (D:1)
  2 rats (D:1)
10 creatures vanquished.

Table legend:
 A = Non-vault XP
 B = Vault XP
 C = Vault XP percentage of total XP
 D = Non-vault monster count
 E = Vault monster count
 F = Vault count percentage of total count
                 A         B        C        D         E       F
            +---------+---------+-------+---------+---------+-------
      Total |      19 |       2 |   9.5 |       9 |       1 |  10.0
            +---------+---------+-------+---------+---------+-------
        D:1 |      19 |       2 |   9.5 |       9 |       1 |  10.0
            +---------+---------+-------+---------+---------+-------

Illustrated notes

Table legend:
 A = Kills in this place as a percentage of kills in entire the game.
 B = Kills by you in this place as a percentage of kills by you in the entire game.
 C = Kills by friends in this place as a percentage of kills by friends in the entire game.
 D = Other kills in this place as a percentage of other kills in the entire game.
 E = Experience gained in this place as a percentage of experience gained in the entire game.
 F = Experience gained in this place divided by the number of levels of this place that you have seen.
                   A       B       C       D       E      F
               +-------+-------+-------+-------+-------+----------------------
         Total | 100.0 | 100.0 |   N/A |   N/A | 100.0 |  21.0
       Dungeon | 100.0 | 100.0 |   N/A |   N/A | 100.0 |  21.0
               +-------+-------+-------+-------+-------+----------------------

Table legend: (Time is in decaauts)
 A = Elapsed time spent in this place.
 B = Non-inter-level travel time spent in this place.
 C = Inter-level travel time spent in this place.
 D = Time resting spent in this place.
 E = Time spent auto-exploring this place.
 F = Levels seen in this place.
 G = Mean time per level.
                   A        B        C        D        E       F      G
               +--------+--------+--------+--------+--------+-----+--------+
         Total |    518 |    518 |      0 |    184 |    232 |   1 |  518.0 |
       Dungeon |    518 |    518 |      0 |    184 |    232 |   1 |  518.0 |
               +--------+--------+--------+--------+--------+-----+--------+

Top non-repeatable levels by time:
     D:1: 518 daAuts
